 Dungeon Crawl Stone Soup version 0.29.0-4-gdea44cf6ec (webtiles) character file.

Game seed: 16655921462018086356

12 qw the Sneak (level 2, -9/19 HPs)
             Began as a Gargoyle Delver on Sept 10, 2022.
             Mangled by an iguana (10 damage)
             ... on level 4 of the Dungeon.
             The game lasted 00:00:07 (300 turns).

qw the Sneak (Gargoyle Delver)                       Turns: 300, Time: 00:00:07

Health: -9/19      AC:  5    Str: 15    XL:     2   Next: 33%
Magic:  2/2        EV: 11    Int: 10    God:
Gold:   8          SH:  0    Dex: 11    Spells: 1/1 levels left

rFire   . . .      SeeInvis .   a - +0 hand axe
rCold   . . .      Faith    .   (no shield)
rNeg    + . .      Spirit   .   b - +0 leather armour
rPois   inf        Reflect  .   (no helmet)
rElec   +          Harm     .   (no cloak)
rCorr   .          Rampage  .   (no gloves)
Will    .....                   (no boots)
Stlth   +++.......              (no amulet)
HPRegen 0.06/turn               (no ring)
MPRegen 0.08/turn               (no ring)

@: no status effects
A: sickness immunity, AC +2, negative energy resistance 1, electricity
resistance, torment resistance 1, petrification resistance
a: no special abilities


You were on level 4 of the Dungeon.
You visited 1 branch of the dungeon, and saw 2 of its levels.

You collected 8 gold pieces.


Innate Abilities, Weirdness & Mutations

You are immune to sickness and miasma.
Your stone body is resilient. (AC +2)
You are immune to poison.
You resist negative energy. (rN+)
You are resistant to electric shocks. (rElec)
You are resistant to unholy torment.
You are immune to petrification.


   Skills:
 - Level 3.2 Fighting
 + Level 2.6 Axes
 - Level 1.5 Dodging
 - Level 5.4 Stealth


You had one spell level left.
You didn't know any spells.
Your spell library was empty.

Inventory:

Hand Weapons
 a - a +0 hand axe (weapon)
Armour
 b - a +0 leather armour (worn)
 c - a +0 scale mail
Wands
 g - a wand of digging (3)
Scrolls
 d - a scroll of identify {unknown}
Potions
 f - a potion of haste

Dungeon Overview and Level Annotations

Branches:
Dungeon (5/15)
 Temple: D:4-7

Altars:


Message History

The worm is heavily wounded.
The worm bites you.
You hit the worm.
The worm is severely wounded.
You hit the worm.
The worm is severely wounded.
The worm closely misses you.
You hit the worm.
You kill the worm!
You start resting.
HP restored.
Found a scale mail.
There is an escape hatch in the floor here.
Found a bronze wand.
Enter note:
Found a dagger.
You see here a +0 dagger.
An iguana comes into view.
The iguana hisses angrily.
You closely miss the iguana. The iguana bites you.
The iguana barely misses you.
You hit the iguana but do no damage. The iguana bites you.
You hit the iguana.
The iguana is lightly wounded.
The iguana barely misses you.
You hit the iguana.
The iguana is moderately wounded.
The iguana barely misses you.
You completely miss the iguana.
The iguana is moderately wounded.
The iguana bites you.
You hit the iguana.
The iguana is heavily wounded.
The iguana bites you.
You hit the iguana.
The iguana is heavily wounded.
The iguana bites you!
Ouch! That really hurt!
You die...

...# # .## #..# # # #.
#..# # #. #).# ##..####
#.$ # . #. .#......
#..# #.###.#..)#.>###
#...# #.#../##.##.+###
#....##l..###..##......
#.....@###.#.)#........
####.....#.#.##.#......
###...#..##.........
#.......[..#......
########..##......
#.###...... #.. ..#####
#######


You could see an iguana.

Vanquished Creatures
  An adder (D:4)
  A worm (D:4)
2 creatures vanquished.

Notes
Turn   | Place    | Note
-------+----------+-------------------------------------------
     0 | D:5      | qw the Gargoyle Delver began the quest for the Orb.
     0 | D:5      | Reached XP level 1. HP: 14/14 MP: 1/1
     0 | D:5      | 0 ||| qw: Version: 0.1-a-117-gfe26ee0
     0 | D:5      | 0 ||| qw: Game counter: 9814
     0 | D:5      | 0 ||| qw: Always use a shield: true
     0 | D:5      | 0 ||| qw: God list: Okawaru
     0 | D:5      | 0 ||| qw: Allow faded altars: false
     0 | D:5      | 0 ||| qw: Do Orc after D:15 true
     0 | D:5      | 0 ||| qw: Do second Lair branch before Depths: true
     0 | D:5      | 0 ||| qw: Lair rune preference: random
     0 | D:5      | 0 ||| qw: Plans: Normal
     0 | D:5      | 0 ||| PLANNING D:1-11
     0 | D:5      | 0 ||| DROPPING scroll of fog.
     1 | D:5      | 1 ||| DROPPING scroll of magic mapping.
     2 | D:5      | 2 ||| DROPPING scroll of fear.
    33 | D:4      | Reached XP level 2. HP: 15/19 MP: 2/2
   298 | D:4      | HP: 4/19 [iguana (6)]
   299 | D:4      | HP: 1/19 [iguana (3)]
   300 | D:4      | Mangled by an iguana

Levels and vault maps discovered:
D:4:      layout_basic, minmay_pentomino_pile
D:5:      layout_loops_ring, mainiacjoe_overflow_tiny_flanked,
          minmay_temple_entry_ruins, ebering_ghost_sewer_f

Skill      XL: |  1 |
---------------+----+-----
Axes           | 2 |  2.6
Fighting       | |  3.2
Dodging        | |  1.5
Stealth        | |  5.4

Action                   || total
-------------------------++-------
Melee: Hand axe          ||    26
Armor: Leather armour    ||     7
Dodge: Dodged            ||    11

Table legend:
 A = Non-vault XP
 B = Vault XP
 C = Vault XP percentage of total XP
 D = Non-vault monster count
 E = Vault monster count
 F = Vault count percentage of total count
                 A         B        C        D         E       F
            +---------+---------+-------+---------+---------+-------
      Total |      13 |       5 |  27.8 |       1 |       1 |  50.0
            +---------+---------+-------+---------+---------+-------
        D:4 |      13 |       5 |  27.8 |       1 |       1 |  50.0
            +---------+---------+-------+---------+---------+-------
